Workbook

Sheet Process definition
A1: Process definition
A2: One row per step. Enter the owner and the step appears in that owner's lane on the Flow sheet; steps marked as automation candidates get a ★.
A3: Process name | G3: Process owner | K3: Version
A4: Purpose | G4: Created | K4: Revised
A5: Trigger (start) | G5: End state
A6: Documents & tools
A8: Summary | C8: Steps | D8: =COUNTA(B11:B30) | E8: Total work time | F8: =SUM(I11:I30) | G8: Total wait time | H8: =SUM(J11:J30) | I8: Wait share | J8: =IF(F8+H8=0,"",H8/(F8+H8)) | K8: Automation candidates | L8: =COUNTIF(N11:N30,"Yes")
A10: # | B10: Step | C10: Owner | D10: Input (receives) | E10: Activity | F10: Output (produces) | G10: Criteria (deadline, approval) | H10: Tool | I10: Work time (min) | J10: Wait time (min) | K10: Problem | L10: Improvement | M10: Improvement idea | N10: Automate? | O10: Lane #
A11: 1 | O11: =IF(C11="","",IF(COUNTIF(C$11:C11,C11)=1,MAX(O$10:O10)+1,""))
A12: 2 | O12: =IF(C12="","",IF(COUNTIF(C$11:C12,C12)=1,MAX(O$10:O11)+1,""))
A13: 3 | O13: =IF(C13="","",IF(COUNTIF(C$11:C13,C13)=1,MAX(O$10:O12)+1,""))
A14: 4 | O14: =IF(C14="","",IF(COUNTIF(C$11:C14,C14)=1,MAX(O$10:O13)+1,""))
A15: 5 | O15: =IF(C15="","",IF(COUNTIF(C$11:C15,C15)=1,MAX(O$10:O14)+1,""))
A16: 6 | O16: =IF(C16="","",IF(COUNTIF(C$11:C16,C16)=1,MAX(O$10:O15)+1,""))
A17: 7 | O17: =IF(C17="","",IF(COUNTIF(C$11:C17,C17)=1,MAX(O$10:O16)+1,""))
A18: 8 | O18: =IF(C18="","",IF(COUNTIF(C$11:C18,C18)=1,MAX(O$10:O17)+1,""))
A19: 9 | O19: =IF(C19="","",IF(COUNTIF(C$11:C19,C19)=1,MAX(O$10:O18)+1,""))
A20: 10 | O20: =IF(C20="","",IF(COUNTIF(C$11:C20,C20)=1,MAX(O$10:O19)+1,""))
A21: 11 | O21: =IF(C21="","",IF(COUNTIF(C$11:C21,C21)=1,MAX(O$10:O20)+1,""))
A22: 12 | O22: =IF(C22="","",IF(COUNTIF(C$11:C22,C22)=1,MAX(O$10:O21)+1,""))
... A30: 20 | O30: =IF(C30="","",IF(COUNTIF(C$11:C30,C30)=1,MAX(O$10:O29)+1,""))

Sheet Flow
A1: Process flow by owner (swimlanes)
A2: Steps from 'Process definition' are placed in each owner's lane in step order automatically. No need to edit this sheet. ★ = automation candidate
A3: Process | B3: =IF('Process definition'!C3="","",'Process definition'!C3)
A5: Owner / Step | B5: 1 | C5: 2 | D5: 3 | E5: 4 | F5: 5 | G5: 6 | H5: 7 | I5: 8 | J5: 9 | K5: 10 | L5: 11 | M5: 12 | N5: 13 | O5: 14 | P5: 15 | Q5: 16 | R5: 17 | S5: 18 | T5: 19 | U5: 20
A6: =IFERROR(INDEX('Process definition'!$C$11:$C$30,MATCH(1,'Process definition'!$O$11:$O$30,0)),"") | B6: =IF($A6="","",IF(INDEX('Process definition'!$C$11:$C$30,B$5)=$A6,INDEX('Process definition'!$B$11:$B$30,B$5)&IF(INDEX('Process definition'!$N$11:$N$30,B$5)="Yes"," ★",""),"")) | C6: =IF($A6="","",IF(INDEX('Process definition'!$C$11:$C$30,C$5)=$A6,INDEX('Process definition'!$B$11:$B$30,C$5)&IF(INDEX('Process definition'!$N$11:$N$30,C$5)="Yes"," ★",""),"")) | D6: =IF($A6="","",IF(INDEX('Process definition'!$C$11:$C$30,D$5)=$A6,INDEX('Process definition'!$B$11:$B$30,D$5)&IF(INDEX('Process definition'!$N$11:$N$30,D$5)="Yes"," ★",""),"")) | E6: =IF($A6="","",IF(INDEX('Process definition'!$C$11:$C$30,E$5)=$A6,INDEX('Process definition'!$B$11:$B$30,E$5)&IF(INDEX('Process definition'!$N$11:$N$30,E$5)="Yes"," ★",""),"")) | F6: =IF($A6="","",IF(INDEX('Process definition'!$C$11:$C$30,F$5)=$A6,INDEX('Process definition'!$B$11:$B$30,F$5)&IF(INDEX('Process definition'!$N$11:$N$30,F$5)="Yes"," ★",""),"")) | G6: =IF($A6="","",IF(INDEX('Process definition'!$C$11:$C$30,G$5)=$A6,INDEX('Process definition'!$B$11:$B$30,G$5)&IF(INDEX('Process definition'!$N$11:$N$30,G$5)="Yes"," ★",""),"")) | H6: =IF($A6="","",IF(INDEX('Process definition'!$C$11:$C$30,H$5)=$A6,INDEX('Process definition'!$B$11:$B$30,H$5)&IF(INDEX('Process definition'!$N$11:$N$30,H$5)="Yes"," ★",""),"")) | I6: =IF($A6="","",IF(INDEX('Process definition'!$C$11:$C$30,I$5)=$A6,INDEX('Process definition'!$B$11:$B$30,I$5)&IF(INDEX('Process definition'!$N$11:$N$30,I$5)="Yes"," ★",""),"")) | ... U6: =IF($A6="","",IF(INDEX('Process definition'!$C$11:$C$30,U$5)=$A6,INDEX('Process definition'!$B$11:$B$30,U$5)&IF(INDEX('Process definition'!$N$11:$N$30,U$5)="Yes"," ★",""),""))
A7: =IFERROR(INDEX('Process definition'!$C$11:$C$30,MATCH(2,'Process definition'!$O$11:$O$30,0)),"") | B7: =IF($A7="","",IF(INDEX('Process definition'!$C$11:$C$30,B$5)=$A7,INDEX('Process definition'!$B$11:$B$30,B$5)&IF(INDEX('Process definition'!$N$11:$N$30,B$5)="Yes"," ★",""),"")) | C7: =IF($A7="","",IF(INDEX('Process definition'!$C$11:$C$30,C$5)=$A7,INDEX('Process definition'!$B$11:$B$30,C$5)&IF(INDEX('Process definition'!$N$11:$N$30,C$5)="Yes"," ★",""),"")) | D7: =IF($A7="","",IF(INDEX('Process definition'!$C$11:$C$30,D$5)=$A7,INDEX('Process definition'!$B$11:$B$30,D$5)&IF(INDEX('Process definition'!$N$11:$N$30,D$5)="Yes"," ★",""),"")) | E7: =IF($A7="","",IF(INDEX('Process definition'!$C$11:$C$30,E$5)=$A7,INDEX('Process definition'!$B$11:$B$30,E$5)&IF(INDEX('Process definition'!$N$11:$N$30,E$5)="Yes"," ★",""),"")) | F7: =IF($A7="","",IF(INDEX('Process definition'!$C$11:$C$30,F$5)=$A7,INDEX('Process definition'!$B$11:$B$30,F$5)&IF(INDEX('Process definition'!$N$11:$N$30,F$5)="Yes"," ★",""),"")) | G7: =IF($A7="","",IF(INDEX('Process definition'!$C$11:$C$30,G$5)=$A7,INDEX('Process definition'!$B$11:$B$30,G$5)&IF(INDEX('Process definition'!$N$11:$N$30,G$5)="Yes"," ★",""),"")) | H7: =IF($A7="","",IF(INDEX('Process definition'!$C$11:$C$30,H$5)=$A7,INDEX('Process definition'!$B$11:$B$30,H$5)&IF(INDEX('Process definition'!$N$11:$N$30,H$5)="Yes"," ★",""),"")) | I7: =IF($A7="","",IF(INDEX('Process definition'!$C$11:$C$30,I$5)=$A7,INDEX('Process definition'!$B$11:$B$30,I$5)&IF(INDEX('Process definition'!$N$11:$N$30,I$5)="Yes"," ★",""),"")) | ... U7: =IF($A7="","",IF(INDEX('Process definition'!$C$11:$C$30,U$5)=$A7,INDEX('Process definition'!$B$11:$B$30,U$5)&IF(INDEX('Process definition'!$N$11:$N$30,U$5)="Yes"," ★",""),""))
A8: =IFERROR(INDEX('Process definition'!$C$11:$C$30,MATCH(3,'Process definition'!$O$11:$O$30,0)),"") | B8: =IF($A8="","",IF(INDEX('Process definition'!$C$11:$C$30,B$5)=$A8,INDEX('Process definition'!$B$11:$B$30,B$5)&IF(INDEX('Process definition'!$N$11:$N$30,B$5)="Yes"," ★",""),"")) | C8: =IF($A8="","",IF(INDEX('Process definition'!$C$11:$C$30,C$5)=$A8,INDEX('Process definition'!$B$11:$B$30,C$5)&IF(INDEX('Process definition'!$N$11:$N$30,C$5)="Yes"," ★",""),"")) | D8: =IF($A8="","",IF(INDEX('Process definition'!$C$11:$C$30,D$5)=$A8,INDEX('Process definition'!$B$11:$B$30,D$5)&IF(INDEX('Process definition'!$N$11:$N$30,D$5)="Yes"," ★",""),"")) | E8: =IF($A8="","",IF(INDEX('Process definition'!$C$11:$C$30,E$5)=$A8,INDEX('Process definition'!$B$11:$B$30,E$5)&IF(INDEX('Process definition'!$N$11:$N$30,E$5)="Yes"," ★",""),"")) | F8: =IF($A8="","",IF(INDEX('Process definition'!$C$11:$C$30,F$5)=$A8,INDEX('Process definition'!$B$11:$B$30,F$5)&IF(INDEX('Process definition'!$N$11:$N$30,F$5)="Yes"," ★",""),"")) | G8: =IF($A8="","",IF(INDEX('Process definition'!$C$11:$C$30,G$5)=$A8,INDEX('Process definition'!$B$11:$B$30,G$5)&IF(INDEX('Process definition'!$N$11:$N$30,G$5)="Yes"," ★",""),"")) | H8: =IF($A8="","",IF(INDEX('Process definition'!$C$11:$C$30,H$5)=$A8,INDEX('Process definition'!$B$11:$B$30,H$5)&IF(INDEX('Process definition'!$N$11:$N$30,H$5)="Yes"," ★",""),"")) | I8: =IF($A8="","",IF(INDEX('Process definition'!$C$11:$C$30,I$5)=$A8,INDEX('Process definition'!$B$11:$B$30,I$5)&IF(INDEX('Process definition'!$N$11:$N$30,I$5)="Yes"," ★",""),"")) | ... U8: =IF($A8="","",IF(INDEX('Process definition'!$C$11:$C$30,U$5)=$A8,INDEX('Process definition'!$B$11:$B$30,U$5)&IF(INDEX('Process definition'!$N$11:$N$30,U$5)="Yes"," ★",""),""))
A9: =IFERROR(INDEX('Process definition'!$C$11:$C$30,MATCH(4,'Process definition'!$O$11:$O$30,0)),"") | B9: =IF($A9="","",IF(INDEX('Process definition'!$C$11:$C$30,B$5)=$A9,INDEX('Process definition'!$B$11:$B$30,B$5)&IF(INDEX('Process definition'!$N$11:$N$30,B$5)="Yes"," ★",""),"")) | C9: =IF($A9="","",IF(INDEX('Process definition'!$C$11:$C$30,C$5)=$A9,INDEX('Process definition'!$B$11:$B$30,C$5)&IF(INDEX('Process definition'!$N$11:$N$30,C$5)="Yes"," ★",""),"")) | D9: =IF($A9="","",IF(INDEX('Process definition'!$C$11:$C$30,D$5)=$A9,INDEX('Process definition'!$B$11:$B$30,D$5)&IF(INDEX('Process definition'!$N$11:$N$30,D$5)="Yes"," ★",""),"")) | E9: =IF($A9="","",IF(INDEX('Process definition'!$C$11:$C$30,E$5)=$A9,INDEX('Process definition'!$B$11:$B$30,E$5)&IF(INDEX('Process definition'!$N$11:$N$30,E$5)="Yes"," ★",""),"")) | F9: =IF($A9="","",IF(INDEX('Process definition'!$C$11:$C$30,F$5)=$A9,INDEX('Process definition'!$B$11:$B$30,F$5)&IF(INDEX('Process definition'!$N$11:$N$30,F$5)="Yes"," ★",""),"")) | G9: =IF($A9="","",IF(INDEX('Process definition'!$C$11:$C$30,G$5)=$A9,INDEX('Process definition'!$B$11:$B$30,G$5)&IF(INDEX('Process definition'!$N$11:$N$30,G$5)="Yes"," ★",""),"")) | H9: =IF($A9="","",IF(INDEX('Process definition'!$C$11:$C$30,H$5)=$A9,INDEX('Process definition'!$B$11:$B$30,H$5)&IF(INDEX('Process definition'!$N$11:$N$30,H$5)="Yes"," ★",""),"")) | I9: =IF($A9="","",IF(INDEX('Process definition'!$C$11:$C$30,I$5)=$A9,INDEX('Process definition'!$B$11:$B$30,I$5)&IF(INDEX('Process definition'!$N$11:$N$30,I$5)="Yes"," ★",""),"")) | ... U9: =IF($A9="","",IF(INDEX('Process definition'!$C$11:$C$30,U$5)=$A9,INDEX('Process definition'!$B$11:$B$30,U$5)&IF(INDEX('Process definition'!$N$11:$N$30,U$5)="Yes"," ★",""),""))
A10: =IFERROR(INDEX('Process definition'!$C$11:$C$30,MATCH(5,'Process definition'!$O$11:$O$30,0)),"") | B10: =IF($A10="","",IF(INDEX('Process definition'!$C$11:$C$30,B$5)=$A10,INDEX('Process definition'!$B$11:$B$30,B$5)&IF(INDEX('Process definition'!$N$11:$N$30,B$5)="Yes"," ★",""),"")) | C10: =IF($A10="","",IF(INDEX('Process definition'!$C$11:$C$30,C$5)=$A10,INDEX('Process definition'!$B$11:$B$30,C$5)&IF(INDEX('Process definition'!$N$11:$N$30,C$5)="Yes"," ★",""),"")) | D10: =IF($A10="","",IF(INDEX('Process definition'!$C$11:$C$30,D$5)=$A10,INDEX('Process definition'!$B$11:$B$30,D$5)&IF(INDEX('Process definition'!$N$11:$N$30,D$5)="Yes"," ★",""),"")) | E10: =IF($A10="","",IF(INDEX('Process definition'!$C$11:$C$30,E$5)=$A10,INDEX('Process definition'!$B$11:$B$30,E$5)&IF(INDEX('Process definition'!$N$11:$N$30,E$5)="Yes"," ★",""),"")) | F10: =IF($A10="","",IF(INDEX('Process definition'!$C$11:$C$30,F$5)=$A10,INDEX('Process definition'!$B$11:$B$30,F$5)&IF(INDEX('Process definition'!$N$11:$N$30,F$5)="Yes"," ★",""),"")) | G10: =IF($A10="","",IF(INDEX('Process definition'!$C$11:$C$30,G$5)=$A10,INDEX('Process definition'!$B$11:$B$30,G$5)&IF(INDEX('Process definition'!$N$11:$N$30,G$5)="Yes"," ★",""),"")) | H10: =IF($A10="","",IF(INDEX('Process definition'!$C$11:$C$30,H$5)=$A10,INDEX('Process definition'!$B$11:$B$30,H$5)&IF(INDEX('Process definition'!$N$11:$N$30,H$5)="Yes"," ★",""),"")) | I10: =IF($A10="","",IF(INDEX('Process definition'!$C$11:$C$30,I$5)=$A10,INDEX('Process definition'!$B$11:$B$30,I$5)&IF(INDEX('Process definition'!$N$11:$N$30,I$5)="Yes"," ★",""),"")) | ... U10: =IF($A10="","",IF(INDEX('Process definition'!$C$11:$C$30,U$5)=$A10,INDEX('Process definition'!$B$11:$B$30,U$5)&IF(INDEX('Process definition'!$N$11:$N$30,U$5)="Yes"," ★",""),""))
A11: =IFERROR(INDEX('Process definition'!$C$11:$C$30,MATCH(6,'Process definition'!$O$11:$O$30,0)),"") | B11: =IF($A11="","",IF(INDEX('Process definition'!$C$11:$C$30,B$5)=$A11,INDEX('Process definition'!$B$11:$B$30,B$5)&IF(INDEX('Process definition'!$N$11:$N$30,B$5)="Yes"," ★",""),"")) | C11: =IF($A11="","",IF(INDEX('Process definition'!$C$11:$C$30,C$5)=$A11,INDEX('Process definition'!$B$11:$B$30,C$5)&IF(INDEX('Process definition'!$N$11:$N$30,C$5)="Yes"," ★",""),"")) | D11: =IF($A11="","",IF(INDEX('Process definition'!$C$11:$C$30,D$5)=$A11,INDEX('Process definition'!$B$11:$B$30,D$5)&IF(INDEX('Process definition'!$N$11:$N$30,D$5)="Yes"," ★",""),"")) | E11: =IF($A11="","",IF(INDEX('Process definition'!$C$11:$C$30,E$5)=$A11,INDEX('Process definition'!$B$11:$B$30,E$5)&IF(INDEX('Process definition'!$N$11:$N$30,E$5)="Yes"," ★",""),"")) | F11: =IF($A11="","",IF(INDEX('Process definition'!$C$11:$C$30,F$5)=$A11,INDEX('Process definition'!$B$11:$B$30,F$5)&IF(INDEX('Process definition'!$N$11:$N$30,F$5)="Yes"," ★",""),"")) | G11: =IF($A11="","",IF(INDEX('Process definition'!$C$11:$C$30,G$5)=$A11,INDEX('Process definition'!$B$11:$B$30,G$5)&IF(INDEX('Process definition'!$N$11:$N$30,G$5)="Yes"," ★",""),"")) | H11: =IF($A11="","",IF(INDEX('Process definition'!$C$11:$C$30,H$5)=$A11,INDEX('Process definition'!$B$11:$B$30,H$5)&IF(INDEX('Process definition'!$N$11:$N$30,H$5)="Yes"," ★",""),"")) | I11: =IF($A11="","",IF(INDEX('Process definition'!$C$11:$C$30,I$5)=$A11,INDEX('Process definition'!$B$11:$B$30,I$5)&IF(INDEX('Process definition'!$N$11:$N$30,I$5)="Yes"," ★",""),"")) | ... U11: =IF($A11="","",IF(INDEX('Process definition'!$C$11:$C$30,U$5)=$A11,INDEX('Process definition'!$B$11:$B$30,U$5)&IF(INDEX('Process definition'!$N$11:$N$30,U$5)="Yes"," ★",""),""))
A12: =IFERROR(INDEX('Process definition'!$C$11:$C$30,MATCH(7,'Process definition'!$O$11:$O$30,0)),"") | B12: =IF($A12="","",IF(INDEX('Process definition'!$C$11:$C$30,B$5)=$A12,INDEX('Process definition'!$B$11:$B$30,B$5)&IF(INDEX('Process definition'!$N$11:$N$30,B$5)="Yes"," ★",""),"")) | C12: =IF($A12="","",IF(INDEX('Process definition'!$C$11:$C$30,C$5)=$A12,INDEX('Process definition'!$B$11:$B$30,C$5)&IF(INDEX('Process definition'!$N$11:$N$30,C$5)="Yes"," ★",""),"")) | D12: =IF($A12="","",IF(INDEX('Process definition'!$C$11:$C$30,D$5)=$A12,INDEX('Process definition'!$B$11:$B$30,D$5)&IF(INDEX('Process definition'!$N$11:$N$30,D$5)="Yes"," ★",""),"")) | E12: =IF($A12="","",IF(INDEX('Process definition'!$C$11:$C$30,E$5)=$A12,INDEX('Process definition'!$B$11:$B$30,E$5)&IF(INDEX('Process definition'!$N$11:$N$30,E$5)="Yes"," ★",""),"")) | F12: =IF($A12="","",IF(INDEX('Process definition'!$C$11:$C$30,F$5)=$A12,INDEX('Process definition'!$B$11:$B$30,F$5)&IF(INDEX('Process definition'!$N$11:$N$30,F$5)="Yes"," ★",""),"")) | G12: =IF($A12="","",IF(INDEX('Process definition'!$C$11:$C$30,G$5)=$A12,INDEX('Process definition'!$B$11:$B$30,G$5)&IF(INDEX('Process definition'!$N$11:$N$30,G$5)="Yes"," ★",""),"")) | H12: =IF($A12="","",IF(INDEX('Process definition'!$C$11:$C$30,H$5)=$A12,INDEX('Process definition'!$B$11:$B$30,H$5)&IF(INDEX('Process definition'!$N$11:$N$30,H$5)="Yes"," ★",""),"")) | I12: =IF($A12="","",IF(INDEX('Process definition'!$C$11:$C$30,I$5)=$A12,INDEX('Process definition'!$B$11:$B$30,I$5)&IF(INDEX('Process definition'!$N$11:$N$30,I$5)="Yes"," ★",""),"")) | ... U12: =IF($A12="","",IF(INDEX('Process definition'!$C$11:$C$30,U$5)=$A12,INDEX('Process definition'!$B$11:$B$30,U$5)&IF(INDEX('Process definition'!$N$11:$N$30,U$5)="Yes"," ★",""),""))
A13: =IFERROR(INDEX('Process definition'!$C$11:$C$30,MATCH(8,'Process definition'!$O$11:$O$30,0)),"") | B13: =IF($A13="","",IF(INDEX('Process definition'!$C$11:$C$30,B$5)=$A13,INDEX('Process definition'!$B$11:$B$30,B$5)&IF(INDEX('Process definition'!$N$11:$N$30,B$5)="Yes"," ★",""),"")) | C13: =IF($A13="","",IF(INDEX('Process definition'!$C$11:$C$30,C$5)=$A13,INDEX('Process definition'!$B$11:$B$30,C$5)&IF(INDEX('Process definition'!$N$11:$N$30,C$5)="Yes"," ★",""),"")) | D13: =IF($A13="","",IF(INDEX('Process definition'!$C$11:$C$30,D$5)=$A13,INDEX('Process definition'!$B$11:$B$30,D$5)&IF(INDEX('Process definition'!$N$11:$N$30,D$5)="Yes"," ★",""),"")) | E13: =IF($A13="","",IF(INDEX('Process definition'!$C$11:$C$30,E$5)=$A13,INDEX('Process definition'!$B$11:$B$30,E$5)&IF(INDEX('Process definition'!$N$11:$N$30,E$5)="Yes"," ★",""),"")) | F13: =IF($A13="","",IF(INDEX('Process definition'!$C$11:$C$30,F$5)=$A13,INDEX('Process definition'!$B$11:$B$30,F$5)&IF(INDEX('Process definition'!$N$11:$N$30,F$5)="Yes"," ★",""),"")) | G13: =IF($A13="","",IF(INDEX('Process definition'!$C$11:$C$30,G$5)=$A13,INDEX('Process definition'!$B$11:$B$30,G$5)&IF(INDEX('Process definition'!$N$11:$N$30,G$5)="Yes"," ★",""),"")) | H13: =IF($A13="","",IF(INDEX('Process definition'!$C$11:$C$30,H$5)=$A13,INDEX('Process definition'!$B$11:$B$30,H$5)&IF(INDEX('Process definition'!$N$11:$N$30,H$5)="Yes"," ★",""),"")) | I13: =IF($A13="","",IF(INDEX('Process definition'!$C$11:$C$30,I$5)=$A13,INDEX('Process definition'!$B$11:$B$30,I$5)&IF(INDEX('Process definition'!$N$11:$N$30,I$5)="Yes"," ★",""),"")) | ... U13: =IF($A13="","",IF(INDEX('Process definition'!$C$11:$C$30,U$5)=$A13,INDEX('Process definition'!$B$11:$B$30,U$5)&IF(INDEX('Process definition'!$N$11:$N$30,U$5)="Yes"," ★",""),""))
A14: Check | B14: =IF(INDEX('Process definition'!$B$11:$B$30,B$5)="","",IF(INDEX('Process definition'!$C$11:$C$30,B$5)="","No owner",IF(COUNTIF($A$6:$A$13,INDEX('Process definition'!$C$11:$C$30,B$5))=0,"More than 8 owners",""))) | C14: =IF(INDEX('Process definition'!$B$11:$B$30,C$5)="","",IF(INDEX('Process definition'!$C$11:$C$30,C$5)="","No owner",IF(COUNTIF($A$6:$A$13,INDEX('Process definition'!$C$11:$C$30,C$5))=0,"More than 8 owners",""))) | D14: =IF(INDEX('Process definition'!$B$11:$B$30,D$5)="","",IF(INDEX('Process definition'!$C$11:$C$30,D$5)="","No owner",IF(COUNTIF($A$6:$A$13,INDEX('Process definition'!$C$11:$C$30,D$5))=0,"More than 8 owners",""))) | E14: =IF(INDEX('Process definition'!$B$11:$B$30,E$5)="","",IF(INDEX('Process definition'!$C$11:$C$30,E$5)="","No owner",IF(COUNTIF($A$6:$A$13,INDEX('Process definition'!$C$11:$C$30,E$5))=0,"More than 8 owners",""))) | F14: =IF(INDEX('Process definition'!$B$11:$B$30,F$5)="","",IF(INDEX('Process definition'!$C$11:$C$30,F$5)="","No owner",IF(COUNTIF($A$6:$A$13,INDEX('Process definition'!$C$11:$C$30,F$5))=0,"More than 8 owners",""))) | G14: =IF(INDEX('Process definition'!$B$11:$B$30,G$5)="","",IF(INDEX('Process definition'!$C$11:$C$30,G$5)="","No owner",IF(COUNTIF($A$6:$A$13,INDEX('Process definition'!$C$11:$C$30,G$5))=0,"More than 8 owners",""))) | H14: =IF(INDEX('Process definition'!$B$11:$B$30,H$5)="","",IF(INDEX('Process definition'!$C$11:$C$30,H$5)="","No owner",IF(COUNTIF($A$6:$A$13,INDEX('Process definition'!$C$11:$C$30,H$5))=0,"More than 8 owners",""))) | I14: =IF(INDEX('Process definition'!$B$11:$B$30,I$5)="","",IF(INDEX('Process definition'!$C$11:$C$30,I$5)="","No owner",IF(COUNTIF($A$6:$A$13,INDEX('Process definition'!$C$11:$C$30,I$5))=0,"More than 8 owners",""))) | ... U14: =IF(INDEX('Process definition'!$B$11:$B$30,U$5)="","",IF(INDEX('Process definition'!$C$11:$C$30,U$5)="","No owner",IF(COUNTIF($A$6:$A$13,INDEX('Process definition'!$C$11:$C$30,U$5))=0,"More than 8 owners","")))

Sheet Example (order to cash)
A1: Process definition (example)
A2: One row per step. Enter the owner and the step appears in that owner's lane on the Flow sheet; steps marked as automation candidates get a ★.
A3: Process name | C3: Quote to cash (orders by email) | G3: Process owner | H3: Sales manager | K3: Version | L3: v1.0
A4: Purpose | C4: Deliver ordered products on time and get paid | G4: Created | H4: 46296 | K4: Revised
A5: Trigger (start) | C5: Customer's quote request email | G5: End state | H5: Payment received and matched
A6: Documents & tools | C6: Email, Excel quote log and order log, ERP, accounting software
A8: Summary | C8: Steps | D8: =COUNTA(B11:B30) | E8: Total work time | F8: =SUM(I11:I30) | G8: Total wait time | H8: =SUM(J11:J30) | I8: Wait share | J8: =IF(F8+H8=0,"",H8/(F8+H8)) | K8: Automation candidates | L8: =COUNTIF(N11:N30,"Yes")
A10: # | B10: Step | C10: Owner | D10: Input (receives) | E10: Activity | F10: Output (produces) | G10: Criteria (deadline, approval) | H10: Tool | I10: Work time (min) | J10: Wait time (min) | K10: Problem | L10: Improvement | M10: Improvement idea | N10: Automate? | O10: Lane #
A11: 1 | B11: Receive quote request | C11: Sales | D11: Request email | E11: Check items, quantities and dates; log in quote list | F11: Quote log row | G11: Same day | H11: Email, Excel | I11: 5 | J11: 60 | K11: Requests arrive in several inboxes | L11: Simplify | M11: Collect requests into one list automatically; put reply deadline on the calendar | N11: Yes | O11: =IF(C11="","",IF(COUNTIF(C$11:C11,C11)=1,MAX(O$10:O10)+1,""))
A12: 2 | B12: Prepare quote | C12: Sales | D12: Quote log, price list | E12: Check prices and write the quote | F12: Quote file | G12: Discounts need manager approval | H12: Excel | I12: 30 | J12: 240 | K12: Waiting for approval delays the reply | L12: Rearrange | M12: Discount table: range sales can approve alone | N12: No | O12: =IF(C12="","",IF(COUNTIF(C$11:C12,C12)=1,MAX(O$10:O11)+1,""))
A13: 3 | B13: Send quote | C13: Sales | D13: Quote file | E13: Reply to the original email with the quote attached | F13: Reply email | G13: Within 3 days | H13: Email | I13: 5 | J13: 0 | K13: Missing attachment, missed deadline | L13: Simplify | M13: Automate quote reply with attachment | N13: Yes | O13: =IF(C13="","",IF(COUNTIF(C$11:C13,C13)=1,MAX(O$10:O12)+1,""))
A14: 4 | B14: Receive purchase order | C14: Sales | D14: PO PDF by email | E14: Check items, quantities, dates; enter in order log | F14: Order log row | G14: Same day | H14: Email, Excel | I14: 10 | J14: 120 | K14: Typos when retyping | L14: Eliminate | M14: Read POs automatically into the order log | N14: Yes | O14: =IF(C14="","",IF(COUNTIF(C$11:C14,C14)=1,MAX(O$10:O13)+1,""))
A15: 5 | B15: Plan production & shipping | C15: Operations | D15: Order log | E15: Create work order, fix ship date | F15: Work order | G15: Ship 3 days before due date | H15: ERP | I15: 20 | J15: 480 | K15: Due dates only visible in the log | L15: Simplify | M15: Add due dates to the calendar automatically | N15: Yes | O15: =IF(C15="","",IF(COUNTIF(C$11:C15,C15)=1,MAX(O$10:O14)+1,""))
A16: 6 | B16: Deliver with delivery note | C16: Operations | D16: Shipment | E16: Deliver and hand over delivery note | F16: Delivery note | G16: Delivery day | H16: Excel | I16: 15 | J16: 0 | K16: Quantities written by hand | L16: Simplify | M16: Use a delivery note template with auto totals | N16: Review | O16: =IF(C16="","",IF(COUNTIF(C$11:C16,C16)=1,MAX(O$10:O15)+1,""))
A17: 7 | B17: Invoice | C17: Accounting | D17: Delivery notes | E17: Issue invoice per customer | F17: Invoice | G17: By the 5th of next month | H17: Accounting software | I17: 20 | J17: 0 | K17: Matching delivery notes takes time | L17: Combine | M17: Monthly totals per customer calculated automatically | N17: Yes | O17: =IF(C17="","",IF(COUNTIF(C$11:C17,C17)=1,MAX(O$10:O16)+1,""))
A18: 8 | B18: Match payments | C18: Accounting | D18: Bank statement | E18: Match payments, track open balances | F18: A/R list | G18: Due date | H18: Bank, Excel | I18: 15 | J18: 0 | K18: Errors with partial payments | L18: Simplify | M18: Balance calculated when payment is entered | N18: Yes | O18: =IF(C18="","",IF(COUNTIF(C$11:C18,C18)=1,MAX(O$10:O17)+1,""))
A19: 9 | O19: =IF(C19="","",IF(COUNTIF(C$11:C19,C19)=1,MAX(O$10:O18)+1,""))
A20: 10 | O20: =IF(C20="","",IF(COUNTIF(C$11:C20,C20)=1,MAX(O$10:O19)+1,""))
A21: 11 | O21: =IF(C21="","",IF(COUNTIF(C$11:C21,C21)=1,MAX(O$10:O20)+1,""))
A22: 12 | O22: =IF(C22="","",IF(COUNTIF(C$11:C22,C22)=1,MAX(O$10:O21)+1,""))
A23: 13 | O23: =IF(C23="","",IF(COUNTIF(C$11:C23,C23)=1,MAX(O$10:O22)+1,""))
A24: 14 | O24: =IF(C24="","",IF(COUNTIF(C$11:C24,C24)=1,MAX(O$10:O23)+1,""))
A25: 15 | O25: =IF(C25="","",IF(COUNTIF(C$11:C25,C25)=1,MAX(O$10:O24)+1,""))
A26: 16 | O26: =IF(C26="","",IF(COUNTIF(C$11:C26,C26)=1,MAX(O$10:O25)+1,""))
A27: 17 | O27: =IF(C27="","",IF(COUNTIF(C$11:C27,C27)=1,MAX(O$10:O26)+1,""))
A28: 18 | O28: =IF(C28="","",IF(COUNTIF(C$11:C28,C28)=1,MAX(O$10:O27)+1,""))
A29: 19 | O29: =IF(C29="","",IF(COUNTIF(C$11:C29,C29)=1,MAX(O$10:O28)+1,""))
A30: 20 | O30: =IF(C30="","",IF(COUNTIF(C$11:C30,C30)=1,MAX(O$10:O29)+1,""))

Sheet Flow example
A1: Process flow by owner (swimlanes)
A2: Steps from 'Example (order to cash)' are placed in each owner's lane in step order automatically. No need to edit this sheet. ★ = automation candidate
A3: Process | B3: =IF('Example (order to cash)'!C3="","",'Example (order to cash)'!C3)
A5: Owner / Step | B5: 1 | C5: 2 | D5: 3 | E5: 4 | F5: 5 | G5: 6 | H5: 7 | I5: 8 | J5: 9 | K5: 10 | L5: 11 | M5: 12 | N5: 13 | O5: 14 | P5: 15 | Q5: 16 | R5: 17 | S5: 18 | T5: 19 | U5: 20
A6: =IFERROR(INDEX('Example (order to cash)'!$C$11:$C$30,MATCH(1,'Example (order to cash)'!$O$11:$O$30,0)),"") | B6: =IF($A6="","",IF(INDEX('Example (order to cash)'!$C$11:$C$30,B$5)=$A6,INDEX('Example (order to cash)'!$B$11:$B$30,B$5)&IF(INDEX('Example (order to cash)'!$N$11:$N$30,B$5)="Yes"," ★",""),"")) | C6: =IF($A6="","",IF(INDEX('Example (order to cash)'!$C$11:$C$30,C$5)=$A6,INDEX('Example (order to cash)'!$B$11:$B$30,C$5)&IF(INDEX('Example (order to cash)'!$N$11:$N$30,C$5)="Yes"," ★",""),"")) | D6: =IF($A6="","",IF(INDEX('Example (order to cash)'!$C$11:$C$30,D$5)=$A6,INDEX('Example (order to cash)'!$B$11:$B$30,D$5)&IF(INDEX('Example (order to cash)'!$N$11:$N$30,D$5)="Yes"," ★",""),"")) | E6: =IF($A6="","",IF(INDEX('Example (order to cash)'!$C$11:$C$30,E$5)=$A6,INDEX('Example (order to cash)'!$B$11:$B$30,E$5)&IF(INDEX('Example (order to cash)'!$N$11:$N$30,E$5)="Yes"," ★",""),"")) | F6: =IF($A6="","",IF(INDEX('Example (order to cash)'!$C$11:$C$30,F$5)=$A6,INDEX('Example (order to cash)'!$B$11:$B$30,F$5)&IF(INDEX('Example (order to cash)'!$N$11:$N$30,F$5)="Yes"," ★",""),"")) | G6: =IF($A6="","",IF(INDEX('Example (order to cash)'!$C$11:$C$30,G$5)=$A6,INDEX('Example (order to cash)'!$B$11:$B$30,G$5)&IF(INDEX('Example (order to cash)'!$N$11:$N$30,G$5)="Yes"," ★",""),"")) | H6: =IF($A6="","",IF(INDEX('Example (order to cash)'!$C$11:$C$30,H$5)=$A6,INDEX('Example (order to cash)'!$B$11:$B$30,H$5)&IF(INDEX('Example (order to cash)'!$N$11:$N$30,H$5)="Yes"," ★",""),"")) | I6: =IF($A6="","",IF(INDEX('Example (order to cash)'!$C$11:$C$30,I$5)=$A6,INDEX('Example (order to cash)'!$B$11:$B$30,I$5)&IF(INDEX('Example (order to cash)'!$N$11:$N$30,I$5)="Yes"," ★",""),"")) | ... U6: =IF($A6="","",IF(INDEX('Example (order to cash)'!$C$11:$C$30,U$5)=$A6,INDEX('Example (order to cash)'!$B$11:$B$30,U$5)&IF(INDEX('Example (order to cash)'!$N$11:$N$30,U$5)="Yes"," ★",""),""))
A7: =IFERROR(INDEX('Example (order to cash)'!$C$11:$C$30,MATCH(2,'Example (order to cash)'!$O$11:$O$30,0)),"") | B7: =IF($A7="","",IF(INDEX('Example (order to cash)'!$C$11:$C$30,B$5)=$A7,INDEX('Example (order to cash)'!$B$11:$B$30,B$5)&IF(INDEX('Example (order to cash)'!$N$11:$N$30,B$5)="Yes"," ★",""),"")) | C7: =IF($A7="","",IF(INDEX('Example (order to cash)'!$C$11:$C$30,C$5)=$A7,INDEX('Example (order to cash)'!$B$11:$B$30,C$5)&IF(INDEX('Example (order to cash)'!$N$11:$N$30,C$5)="Yes"," ★",""),"")) | D7: =IF($A7="","",IF(INDEX('Example (order to cash)'!$C$11:$C$30,D$5)=$A7,INDEX('Example (order to cash)'!$B$11:$B$30,D$5)&IF(INDEX('Example (order to cash)'!$N$11:$N$30,D$5)="Yes"," ★",""),"")) | E7: =IF($A7="","",IF(INDEX('Example (order to cash)'!$C$11:$C$30,E$5)=$A7,INDEX('Example (order to cash)'!$B$11:$B$30,E$5)&IF(INDEX('Example (order to cash)'!$N$11:$N$30,E$5)="Yes"," ★",""),"")) | F7: =IF($A7="","",IF(INDEX('Example (order to cash)'!$C$11:$C$30,F$5)=$A7,INDEX('Example (order to cash)'!$B$11:$B$30,F$5)&IF(INDEX('Example (order to cash)'!$N$11:$N$30,F$5)="Yes"," ★",""),"")) | G7: =IF($A7="","",IF(INDEX('Example (order to cash)'!$C$11:$C$30,G$5)=$A7,INDEX('Example (order to cash)'!$B$11:$B$30,G$5)&IF(INDEX('Example (order to cash)'!$N$11:$N$30,G$5)="Yes"," ★",""),"")) | H7: =IF($A7="","",IF(INDEX('Example (order to cash)'!$C$11:$C$30,H$5)=$A7,INDEX('Example (order to cash)'!$B$11:$B$30,H$5)&IF(INDEX('Example (order to cash)'!$N$11:$N$30,H$5)="Yes"," ★",""),"")) | I7: =IF($A7="","",IF(INDEX('Example (order to cash)'!$C$11:$C$30,I$5)=$A7,INDEX('Example (order to cash)'!$B$11:$B$30,I$5)&IF(INDEX('Example (order to cash)'!$N$11:$N$30,I$5)="Yes"," ★",""),"")) | ... U7: =IF($A7="","",IF(INDEX('Example (order to cash)'!$C$11:$C$30,U$5)=$A7,INDEX('Example (order to cash)'!$B$11:$B$30,U$5)&IF(INDEX('Example (order to cash)'!$N$11:$N$30,U$5)="Yes"," ★",""),""))
A8: =IFERROR(INDEX('Example (order to cash)'!$C$11:$C$30,MATCH(3,'Example (order to cash)'!$O$11:$O$30,0)),"") | B8: =IF($A8="","",IF(INDEX('Example (order to cash)'!$C$11:$C$30,B$5)=$A8,INDEX('Example (order to cash)'!$B$11:$B$30,B$5)&IF(INDEX('Example (order to cash)'!$N$11:$N$30,B$5)="Yes"," ★",""),"")) | C8: =IF($A8="","",IF(INDEX('Example (order to cash)'!$C$11:$C$30,C$5)=$A8,INDEX('Example (order to cash)'!$B$11:$B$30,C$5)&IF(INDEX('Example (order to cash)'!$N$11:$N$30,C$5)="Yes"," ★",""),"")) | D8: =IF($A8="","",IF(INDEX('Example (order to cash)'!$C$11:$C$30,D$5)=$A8,INDEX('Example (order to cash)'!$B$11:$B$30,D$5)&IF(INDEX('Example (order to cash)'!$N$11:$N$30,D$5)="Yes"," ★",""),"")) | E8: =IF($A8="","",IF(INDEX('Example (order to cash)'!$C$11:$C$30,E$5)=$A8,INDEX('Example (order to cash)'!$B$11:$B$30,E$5)&IF(INDEX('Example (order to cash)'!$N$11:$N$30,E$5)="Yes"," ★",""),"")) | F8: =IF($A8="","",IF(INDEX('Example (order to cash)'!$C$11:$C$30,F$5)=$A8,INDEX('Example (order to cash)'!$B$11:$B$30,F$5)&IF(INDEX('Example (order to cash)'!$N$11:$N$30,F$5)="Yes"," ★",""),"")) | G8: =IF($A8="","",IF(INDEX('Example (order to cash)'!$C$11:$C$30,G$5)=$A8,INDEX('Example (order to cash)'!$B$11:$B$30,G$5)&IF(INDEX('Example (order to cash)'!$N$11:$N$30,G$5)="Yes"," ★",""),"")) | H8: =IF($A8="","",IF(INDEX('Example (order to cash)'!$C$11:$C$30,H$5)=$A8,INDEX('Example (order to cash)'!$B$11:$B$30,H$5)&IF(INDEX('Example (order to cash)'!$N$11:$N$30,H$5)="Yes"," ★",""),"")) | I8: =IF($A8="","",IF(INDEX('Example (order to cash)'!$C$11:$C$30,I$5)=$A8,INDEX('Example (order to cash)'!$B$11:$B$30,I$5)&IF(INDEX('Example (order to cash)'!$N$11:$N$30,I$5)="Yes"," ★",""),"")) | ... U8: =IF($A8="","",IF(INDEX('Example (order to cash)'!$C$11:$C$30,U$5)=$A8,INDEX('Example (order to cash)'!$B$11:$B$30,U$5)&IF(INDEX('Example (order to cash)'!$N$11:$N$30,U$5)="Yes"," ★",""),""))
A9: =IFERROR(INDEX('Example (order to cash)'!$C$11:$C$30,MATCH(4,'Example (order to cash)'!$O$11:$O$30,0)),"") | B9: =IF($A9="","",IF(INDEX('Example (order to cash)'!$C$11:$C$30,B$5)=$A9,INDEX('Example (order to cash)'!$B$11:$B$30,B$5)&IF(INDEX('Example (order to cash)'!$N$11:$N$30,B$5)="Yes"," ★",""),"")) | C9: =IF($A9="","",IF(INDEX('Example (order to cash)'!$C$11:$C$30,C$5)=$A9,INDEX('Example (order to cash)'!$B$11:$B$30,C$5)&IF(INDEX('Example (order to cash)'!$N$11:$N$30,C$5)="Yes"," ★",""),"")) | D9: =IF($A9="","",IF(INDEX('Example (order to cash)'!$C$11:$C$30,D$5)=$A9,INDEX('Example (order to cash)'!$B$11:$B$30,D$5)&IF(INDEX('Example (order to cash)'!$N$11:$N$30,D$5)="Yes"," ★",""),"")) | E9: =IF($A9="","",IF(INDEX('Example (order to cash)'!$C$11:$C$30,E$5)=$A9,INDEX('Example (order to cash)'!$B$11:$B$30,E$5)&IF(INDEX('Example (order to cash)'!$N$11:$N$30,E$5)="Yes"," ★",""),"")) | F9: =IF($A9="","",IF(INDEX('Example (order to cash)'!$C$11:$C$30,F$5)=$A9,INDEX('Example (order to cash)'!$B$11:$B$30,F$5)&IF(INDEX('Example (order to cash)'!$N$11:$N$30,F$5)="Yes"," ★",""),"")) | G9: =IF($A9="","",IF(INDEX('Example (order to cash)'!$C$11:$C$30,G$5)=$A9,INDEX('Example (order to cash)'!$B$11:$B$30,G$5)&IF(INDEX('Example (order to cash)'!$N$11:$N$30,G$5)="Yes"," ★",""),"")) | H9: =IF($A9="","",IF(INDEX('Example (order to cash)'!$C$11:$C$30,H$5)=$A9,INDEX('Example (order to cash)'!$B$11:$B$30,H$5)&IF(INDEX('Example (order to cash)'!$N$11:$N$30,H$5)="Yes"," ★",""),"")) | I9: =IF($A9="","",IF(INDEX('Example (order to cash)'!$C$11:$C$30,I$5)=$A9,INDEX('Example (order to cash)'!$B$11:$B$30,I$5)&IF(INDEX('Example (order to cash)'!$N$11:$N$30,I$5)="Yes"," ★",""),"")) | ... U9: =IF($A9="","",IF(INDEX('Example (order to cash)'!$C$11:$C$30,U$5)=$A9,INDEX('Example (order to cash)'!$B$11:$B$30,U$5)&IF(INDEX('Example (order to cash)'!$N$11:$N$30,U$5)="Yes"," ★",""),""))
A10: =IFERROR(INDEX('Example (order to cash)'!$C$11:$C$30,MATCH(5,'Example (order to cash)'!$O$11:$O$30,0)),"") | B10: =IF($A10="","",IF(INDEX('Example (order to cash)'!$C$11:$C$30,B$5)=$A10,INDEX('Example (order to cash)'!$B$11:$B$30,B$5)&IF(INDEX('Example (order to cash)'!$N$11:$N$30,B$5)="Yes"," ★",""),"")) | C10: =IF($A10="","",IF(INDEX('Example (order to cash)'!$C$11:$C$30,C$5)=$A10,INDEX('Example (order to cash)'!$B$11:$B$30,C$5)&IF(INDEX('Example (order to cash)'!$N$11:$N$30,C$5)="Yes"," ★",""),"")) | D10: =IF($A10="","",IF(INDEX('Example (order to cash)'!$C$11:$C$30,D$5)=$A10,INDEX('Example (order to cash)'!$B$11:$B$30,D$5)&IF(INDEX('Example (order to cash)'!$N$11:$N$30,D$5)="Yes"," ★",""),"")) | E10: =IF($A10="","",IF(INDEX('Example (order to cash)'!$C$11:$C$30,E$5)=$A10,INDEX('Example (order to cash)'!$B$11:$B$30,E$5)&IF(INDEX('Example (order to cash)'!$N$11:$N$30,E$5)="Yes"," ★",""),"")) | F10: =IF($A10="","",IF(INDEX('Example (order to cash)'!$C$11:$C$30,F$5)=$A10,INDEX('Example (order to cash)'!$B$11:$B$30,F$5)&IF(INDEX('Example (order to cash)'!$N$11:$N$30,F$5)="Yes"," ★",""),"")) | G10: =IF($A10="","",IF(INDEX('Example (order to cash)'!$C$11:$C$30,G$5)=$A10,INDEX('Example (order to cash)'!$B$11:$B$30,G$5)&IF(INDEX('Example (order to cash)'!$N$11:$N$30,G$5)="Yes"," ★",""),"")) | H10: =IF($A10="","",IF(INDEX('Example (order to cash)'!$C$11:$C$30,H$5)=$A10,INDEX('Example (order to cash)'!$B$11:$B$30,H$5)&IF(INDEX('Example (order to cash)'!$N$11:$N$30,H$5)="Yes"," ★",""),"")) | I10: =IF($A10="","",IF(INDEX('Example (order to cash)'!$C$11:$C$30,I$5)=$A10,INDEX('Example (order to cash)'!$B$11:$B$30,I$5)&IF(INDEX('Example (order to cash)'!$N$11:$N$30,I$5)="Yes"," ★",""),"")) | ... U10: =IF($A10="","",IF(INDEX('Example (order to cash)'!$C$11:$C$30,U$5)=$A10,INDEX('Example (order to cash)'!$B$11:$B$30,U$5)&IF(INDEX('Example (order to cash)'!$N$11:$N$30,U$5)="Yes"," ★",""),""))
A11: =IFERROR(INDEX('Example (order to cash)'!$C$11:$C$30,MATCH(6,'Example (order to cash)'!$O$11:$O$30,0)),"") | B11: =IF($A11="","",IF(INDEX('Example (order to cash)'!$C$11:$C$30,B$5)=$A11,INDEX('Example (order to cash)'!$B$11:$B$30,B$5)&IF(INDEX('Example (order to cash)'!$N$11:$N$30,B$5)="Yes"," ★",""),"")) | C11: =IF($A11="","",IF(INDEX('Example (order to cash)'!$C$11:$C$30,C$5)=$A11,INDEX('Example (order to cash)'!$B$11:$B$30,C$5)&IF(INDEX('Example (order to cash)'!$N$11:$N$30,C$5)="Yes"," ★",""),"")) | D11: =IF($A11="","",IF(INDEX('Example (order to cash)'!$C$11:$C$30,D$5)=$A11,INDEX('Example (order to cash)'!$B$11:$B$30,D$5)&IF(INDEX('Example (order to cash)'!$N$11:$N$30,D$5)="Yes"," ★",""),"")) | E11: =IF($A11="","",IF(INDEX('Example (order to cash)'!$C$11:$C$30,E$5)=$A11,INDEX('Example (order to cash)'!$B$11:$B$30,E$5)&IF(INDEX('Example (order to cash)'!$N$11:$N$30,E$5)="Yes"," ★",""),"")) | F11: =IF($A11="","",IF(INDEX('Example (order to cash)'!$C$11:$C$30,F$5)=$A11,INDEX('Example (order to cash)'!$B$11:$B$30,F$5)&IF(INDEX('Example (order to cash)'!$N$11:$N$30,F$5)="Yes"," ★",""),"")) | G11: =IF($A11="","",IF(INDEX('Example (order to cash)'!$C$11:$C$30,G$5)=$A11,INDEX('Example (order to cash)'!$B$11:$B$30,G$5)&IF(INDEX('Example (order to cash)'!$N$11:$N$30,G$5)="Yes"," ★",""),"")) | H11: =IF($A11="","",IF(INDEX('Example (order to cash)'!$C$11:$C$30,H$5)=$A11,INDEX('Example (order to cash)'!$B$11:$B$30,H$5)&IF(INDEX('Example (order to cash)'!$N$11:$N$30,H$5)="Yes"," ★",""),"")) | I11: =IF($A11="","",IF(INDEX('Example (order to cash)'!$C$11:$C$30,I$5)=$A11,INDEX('Example (order to cash)'!$B$11:$B$30,I$5)&IF(INDEX('Example (order to cash)'!$N$11:$N$30,I$5)="Yes"," ★",""),"")) | ... U11: =IF($A11="","",IF(INDEX('Example (order to cash)'!$C$11:$C$30,U$5)=$A11,INDEX('Example (order to cash)'!$B$11:$B$30,U$5)&IF(INDEX('Example (order to cash)'!$N$11:$N$30,U$5)="Yes"," ★",""),""))
A12: =IFERROR(INDEX('Example (order to cash)'!$C$11:$C$30,MATCH(7,'Example (order to cash)'!$O$11:$O$30,0)),"") | B12: =IF($A12="","",IF(INDEX('Example (order to cash)'!$C$11:$C$30,B$5)=$A12,INDEX('Example (order to cash)'!$B$11:$B$30,B$5)&IF(INDEX('Example (order to cash)'!$N$11:$N$30,B$5)="Yes"," ★",""),"")) | C12: =IF($A12="","",IF(INDEX('Example (order to cash)'!$C$11:$C$30,C$5)=$A12,INDEX('Example (order to cash)'!$B$11:$B$30,C$5)&IF(INDEX('Example (order to cash)'!$N$11:$N$30,C$5)="Yes"," ★",""),"")) | D12: =IF($A12="","",IF(INDEX('Example (order to cash)'!$C$11:$C$30,D$5)=$A12,INDEX('Example (order to cash)'!$B$11:$B$30,D$5)&IF(INDEX('Example (order to cash)'!$N$11:$N$30,D$5)="Yes"," ★",""),"")) | E12: =IF($A12="","",IF(INDEX('Example (order to cash)'!$C$11:$C$30,E$5)=$A12,INDEX('Example (order to cash)'!$B$11:$B$30,E$5)&IF(INDEX('Example (order to cash)'!$N$11:$N$30,E$5)="Yes"," ★",""),"")) | F12: =IF($A12="","",IF(INDEX('Example (order to cash)'!$C$11:$C$30,F$5)=$A12,INDEX('Example (order to cash)'!$B$11:$B$30,F$5)&IF(INDEX('Example (order to cash)'!$N$11:$N$30,F$5)="Yes"," ★",""),"")) | G12: =IF($A12="","",IF(INDEX('Example (order to cash)'!$C$11:$C$30,G$5)=$A12,INDEX('Example (order to cash)'!$B$11:$B$30,G$5)&IF(INDEX('Example (order to cash)'!$N$11:$N$30,G$5)="Yes"," ★",""),"")) | H12: =IF($A12="","",IF(INDEX('Example (order to cash)'!$C$11:$C$30,H$5)=$A12,INDEX('Example (order to cash)'!$B$11:$B$30,H$5)&IF(INDEX('Example (order to cash)'!$N$11:$N$30,H$5)="Yes"," ★",""),"")) | I12: =IF($A12="","",IF(INDEX('Example (order to cash)'!$C$11:$C$30,I$5)=$A12,INDEX('Example (order to cash)'!$B$11:$B$30,I$5)&IF(INDEX('Example (order to cash)'!$N$11:$N$30,I$5)="Yes"," ★",""),"")) | ... U12: =IF($A12="","",IF(INDEX('Example (order to cash)'!$C$11:$C$30,U$5)=$A12,INDEX('Example (order to cash)'!$B$11:$B$30,U$5)&IF(INDEX('Example (order to cash)'!$N$11:$N$30,U$5)="Yes"," ★",""),""))
A13: =IFERROR(INDEX('Example (order to cash)'!$C$11:$C$30,MATCH(8,'Example (order to cash)'!$O$11:$O$30,0)),"") | B13: =IF($A13="","",IF(INDEX('Example (order to cash)'!$C$11:$C$30,B$5)=$A13,INDEX('Example (order to cash)'!$B$11:$B$30,B$5)&IF(INDEX('Example (order to cash)'!$N$11:$N$30,B$5)="Yes"," ★",""),"")) | C13: =IF($A13="","",IF(INDEX('Example (order to cash)'!$C$11:$C$30,C$5)=$A13,INDEX('Example (order to cash)'!$B$11:$B$30,C$5)&IF(INDEX('Example (order to cash)'!$N$11:$N$30,C$5)="Yes"," ★",""),"")) | D13: =IF($A13="","",IF(INDEX('Example (order to cash)'!$C$11:$C$30,D$5)=$A13,INDEX('Example (order to cash)'!$B$11:$B$30,D$5)&IF(INDEX('Example (order to cash)'!$N$11:$N$30,D$5)="Yes"," ★",""),"")) | E13: =IF($A13="","",IF(INDEX('Example (order to cash)'!$C$11:$C$30,E$5)=$A13,INDEX('Example (order to cash)'!$B$11:$B$30,E$5)&IF(INDEX('Example (order to cash)'!$N$11:$N$30,E$5)="Yes"," ★",""),"")) | F13: =IF($A13="","",IF(INDEX('Example (order to cash)'!$C$11:$C$30,F$5)=$A13,INDEX('Example (order to cash)'!$B$11:$B$30,F$5)&IF(INDEX('Example (order to cash)'!$N$11:$N$30,F$5)="Yes"," ★",""),"")) | G13: =IF($A13="","",IF(INDEX('Example (order to cash)'!$C$11:$C$30,G$5)=$A13,INDEX('Example (order to cash)'!$B$11:$B$30,G$5)&IF(INDEX('Example (order to cash)'!$N$11:$N$30,G$5)="Yes"," ★",""),"")) | H13: =IF($A13="","",IF(INDEX('Example (order to cash)'!$C$11:$C$30,H$5)=$A13,INDEX('Example (order to cash)'!$B$11:$B$30,H$5)&IF(INDEX('Example (order to cash)'!$N$11:$N$30,H$5)="Yes"," ★",""),"")) | I13: =IF($A13="","",IF(INDEX('Example (order to cash)'!$C$11:$C$30,I$5)=$A13,INDEX('Example (order to cash)'!$B$11:$B$30,I$5)&IF(INDEX('Example (order to cash)'!$N$11:$N$30,I$5)="Yes"," ★",""),"")) | ... U13: =IF($A13="","",IF(INDEX('Example (order to cash)'!$C$11:$C$30,U$5)=$A13,INDEX('Example (order to cash)'!$B$11:$B$30,U$5)&IF(INDEX('Example (order to cash)'!$N$11:$N$30,U$5)="Yes"," ★",""),""))
A14: Check | B14: =IF(INDEX('Example (order to cash)'!$B$11:$B$30,B$5)="","",IF(INDEX('Example (order to cash)'!$C$11:$C$30,B$5)="","No owner",IF(COUNTIF($A$6:$A$13,INDEX('Example (order to cash)'!$C$11:$C$30,B$5))=0,"More than 8 owners",""))) | C14: =IF(INDEX('Example (order to cash)'!$B$11:$B$30,C$5)="","",IF(INDEX('Example (order to cash)'!$C$11:$C$30,C$5)="","No owner",IF(COUNTIF($A$6:$A$13,INDEX('Example (order to cash)'!$C$11:$C$30,C$5))=0,"More than 8 owners",""))) | D14: =IF(INDEX('Example (order to cash)'!$B$11:$B$30,D$5)="","",IF(INDEX('Example (order to cash)'!$C$11:$C$30,D$5)="","No owner",IF(COUNTIF($A$6:$A$13,INDEX('Example (order to cash)'!$C$11:$C$30,D$5))=0,"More than 8 owners",""))) | E14: =IF(INDEX('Example (order to cash)'!$B$11:$B$30,E$5)="","",IF(INDEX('Example (order to cash)'!$C$11:$C$30,E$5)="","No owner",IF(COUNTIF($A$6:$A$13,INDEX('Example (order to cash)'!$C$11:$C$30,E$5))=0,"More than 8 owners",""))) | F14: =IF(INDEX('Example (order to cash)'!$B$11:$B$30,F$5)="","",IF(INDEX('Example (order to cash)'!$C$11:$C$30,F$5)="","No owner",IF(COUNTIF($A$6:$A$13,INDEX('Example (order to cash)'!$C$11:$C$30,F$5))=0,"More than 8 owners",""))) | G14: =IF(INDEX('Example (order to cash)'!$B$11:$B$30,G$5)="","",IF(INDEX('Example (order to cash)'!$C$11:$C$30,G$5)="","No owner",IF(COUNTIF($A$6:$A$13,INDEX('Example (order to cash)'!$C$11:$C$30,G$5))=0,"More than 8 owners",""))) | H14: =IF(INDEX('Example (order to cash)'!$B$11:$B$30,H$5)="","",IF(INDEX('Example (order to cash)'!$C$11:$C$30,H$5)="","No owner",IF(COUNTIF($A$6:$A$13,INDEX('Example (order to cash)'!$C$11:$C$30,H$5))=0,"More than 8 owners",""))) | I14: =IF(INDEX('Example (order to cash)'!$B$11:$B$30,I$5)="","",IF(INDEX('Example (order to cash)'!$C$11:$C$30,I$5)="","No owner",IF(COUNTIF($A$6:$A$13,INDEX('Example (order to cash)'!$C$11:$C$30,I$5))=0,"More than 8 owners",""))) | ... U14: =IF(INDEX('Example (order to cash)'!$B$11:$B$30,U$5)="","",IF(INDEX('Example (order to cash)'!$C$11:$C$30,U$5)="","No owner",IF(COUNTIF($A$6:$A$13,INDEX('Example (order to cash)'!$C$11:$C$30,U$5))=0,"More than 8 owners","")))

Sheet How to use
B2: How to use the process definition template
B3: 1. At the top of the Process definition sheet, enter the process name, purpose, trigger and end state.
B4: 2. Add one row per step: step name, owner, input, activity, output, criteria and tool. Keep step names short: verb + object.
B5: 3. Enter work time and wait time in minutes. The summary shows totals and the share of waiting time.
B6: 4. The Flow sheet builds owner lanes and places the steps in order automatically (up to 8 owners).
B7: 5. Note the problem, choose an improvement (Eliminate, Combine, Rearrange, Simplify, Keep), describe the idea and mark automation candidates.
B9: Eliminate: would the result be the same without this step?
B10: Combine: can it be merged with another step?
B11: Rearrange: would changing order or owner reduce waiting?
B12: Simplify: can it be made easier or automated?
B14: The example sheets show a quote-to-cash process for a company that receives quotes and orders by email.
B15: Receiving quotes, orders and delivery notes by email? AiutoForm logs them automatically: https://aiutoform.co.kr/en/demo
